 Dungeon Crawl Stone Soup version 0.22-a0-389-g8519d86 (webtiles) character file.

1817 Kairos the Chopper (level 9, -3/46 HPs)
             Began as a Vine Stalker Fighter on Apr 30, 2018.
             Slain by a two-headed ogre
             ... wielding a +0 giant club
              (18 damage)
             ... on level 5 of the Dungeon.
             The game lasted 00:07:43 (3566 turns).

Kairos the Chopper (Vine Stalker Fighter)           Turns: 3566, Time: 00:07:43

Health: -3/46      AC:  9    Str: 21    XL:     9   Next: 10%
Magic:  0/10       EV:  9    Int:  8    God:
Gold:   354        SH: 10    Dex: 18    Spells: 8/8 levels left

rFire    . . .     SeeInvis .   r - +1 hand axe (elec)
rCold    . . .     Gourm    .   c - +0 shield
rNeg     . . .     Faith    .   b - +0 scale mail
rPois    .         Spirit   +   (no helmet)
rElec    .         Reflect  .   j - +0 cloak
rCorr    .         Harm     .   w - +0 pair of gloves
MR       +....                  (no boots)
Stlth    ..........             (no amulet)
HPRegen  0.55/turn              l - +3 ring of dexterity
MPRegen  0.12/turn              (no ring)

@: no status effects
A: fangs 3, regeneration 1, magic shield, antimagic bite, no potion heal 3, rot
immunity
a: no special abilities


You were on level 5 of the Dungeon.
You were hungry.

You visited 2 branches of the dungeon, and saw 6 of its levels.

You collected 354 gold pieces.

Inventory:

Hand Weapons
 a - a +0 war axe
 r - a +1 hand axe of electrocution (weapon)
Missiles
 e - 8 tomahawks of returning (quivered)
 o - 3 tomahawks
 p - 3 steel tomahawks
Armour
 b - a +0 scale mail (worn)
 c - a +0 shield (worn)
 j - a +0 cloak (worn)
 w - a +0 pair of gloves (worn)
Jewellery
 l - a +3 ring of dexterity (left hand)
Wands
 s - a wand of disintegration (22)
Scrolls
 h - 5 scrolls of teleportation {unknown}
 m - a scroll of fear {unknown}
 n - 5 scrolls of identify {unknown}
 t - 2 scrolls of enchant weapon {unknown}
 y - a scroll of magic mapping {unknown}
Potions
 d - 2 potions of might
 g - 2 potions of invisibility {unknown}
 i - 2 potions of curing {unknown}
 k - a potion of haste {unknown}
 q - a potion of lignification {unknown}
 u - a potion of degeneration {unknown}
 v - 3 potions of cancellation {unknown}
Comestibles
 f - 15 rations


   Skills:
 + Level 4.5 Fighting
 + Level 7.3 Axes
 + Level 5.0 Armour
 + Level 1.9 Dodging
 + Level 0.8 Stealth
 + Level 4.6 Shields
 + Level 0.3 Evocations


You had 8 spell levels left.
You didn't know any spells.

Dungeon Overview and Level Annotations

Branches:
Dungeon (5/15)             Temple (1/1) D:4

Altars:
Ashenzari
Cheibriados
Dithmenos
Elyvilon
Fedhas
Gozag
Hepliaklqana
Kikubaaqudgha
Makhleb
Nemelex Xobeh
Qazlal
Ru
Sif Muna
Trog
Uskayaw
Vehumet
Wu Jian
Xom
Yredelemnul
Zin
The Shining One


Innate Abilities, Weirdness & Mutations

You have razor-sharp teeth.
Your natural rate of healing is unusually fast.
When hurt, damage is shared between your health and your magic reserves.
Your bite disrupts and absorbs the magic of your enemies.
Potions cannot restore your health.
You are immune to rotting.


Message History

The two-headed ogre is moderately wounded.
The two-headed ogre closely misses you.
The two-headed ogre hits you with a giant club!
You hit the two-headed ogre.
The two-headed ogre is moderately wounded.
You block the two-headed ogre's attack.
The two-headed ogre hits you with a giant club!
You hit the two-headed ogre. Your bite misses the two-headed ogre.
The two-headed ogre is heavily wounded.
You hit the two-headed ogre. You bite the two-headed ogre. You drain its power.
You feel invigorated.
The two-headed ogre is severely wounded.
The two-headed ogre hits you with a giant club!!
The two-headed ogre barely misses you.
You hit the two-headed ogre but do no damage.
Lightning courses through the two-headed ogre!
The two-headed ogre is almost dead.
The two-headed ogre closely misses you.
The two-headed ogre hits you with a giant club!!
You die...

##...# ##....#
##..[.##
#......#
##......#
#.......##
######.....##
..#########.##
###....##
(...(.O@.....#
###...#
[............##
##...
....####......##
##.. ###
####....# ##.
##...## #.
##..†## #.
##...######.
##....##...
#######
##........


You could see a two-headed ogre.

Vanquished Creatures
  The ghost of Totori the Ruffian, a novice DrTm (D:4)
  Sigmund (D:2)
  Edmund (D:4)
  4 ogres
  A gnoll sergeant (D:4)
  A howler monkey (D:4)
  A bullfrog skeleton (D:5)
  A gnoll shaman (D:5)
  2 iguanas
  3 orc wizards (D:3)
  Terence (D:2)
  Natasha (twice) (D:2)
  A worker ant (D:5)
  A worker ant zombie (D:3)
  13 gnolls
  A howler monkey skeleton (D:5)
  9 adders
  An ooze (D:5)
  5 worms
  2 leopard geckos
  15 orcs
  5 ball pythons
  A bat zombie (D:3)
  10 giant cockroaches
  14 goblins
  9 hobgoblins
  9 jackals
  A quokka (D:2)
  5 bats
  A frilled lizard (D:2)
  A jackal skeleton (D:4)
  6 kobolds
  A leopard gecko skeleton (D:5)
  A rat (D:1)
131 creatures vanquished.

Vanquished Creatures (others)
  A plant (D:2)
1 creature vanquished.

Grand Total: 132 creatures vanquished

Notes
Turn   | Place    | Note
-------+----------+-------------------------------------------
     0 | D:1      | Kairos the Vine Stalker Fighter began the quest for the Orb.
     0 | D:1      | Reached XP level 1. HP: 11/11 MP: 2/2
   234 | D:1      | Reached XP level 2. HP: 16/16 MP: 3/3
   392 | D:1      | Reached skill level 2 in Axes
   745 | D:2      | Reached XP level 3. HP: 14/20 MP: 4/4
   798 | D:2      | Noticed Terence
   809 | D:2      | Killed Terence
   809 | D:2      | Gained mutation: Your natural rate of healing is unusually fast. [Vine Stalker growth]
   809 | D:2      | Reached XP level 4. HP: 6/24 MP: 3/5
   887 | D:2      | Reached skill level 3 in Axes
   899 | D:2      | Noticed Sigmund
   913 | D:2      | Killed Sigmund
   913 | D:2      | Reached skill level 4 in Axes
   913 | D:2      | Reached XP level 5. HP: 16/28 MP: 4/6
   913 | D:2      | Reached XP level 6. HP: 19/32 MP: 4/7
  1048 | D:2      | Noticed Natasha
  1051 | D:2      | Killed Natasha
  1177 | D:2      | Noticed Natasha
  1181 | D:2      | Killed Natasha
  1181 | D:2      | Reached skill level 1 in Dodging
  1710 | D:3      | Found an ancient bone altar of Kikubaaqudgha.
  1865 | D:3      | Reached XP level 7. HP: 36/36 MP: 6/8
  2218 | D:4      | Found a staircase to the Ecumenical Temple.
  2284 | D:4      | Reached skill level 5 in Axes
  2329 | Temple   | Entered the Ecumenical Temple
  2395 | D:4      | Noticed Edmund
  2401 | D:4      | Killed Edmund
  2574 | D:4      | Found a basalt altar of Yredelemnul.
  2576 | D:4      | Gained mutation: You have razor-sharp teeth. [Vine Stalker growth]
  2576 | D:4      | Reached XP level 8. HP: 41/42 MP: 9/9
  2742 | D:4      | Found a stormy altar of Qazlal.
  2742 | D:4      | Noticed Totori's ghost (novice DrTm)
  2764 | D:4      | Killed Totori's ghost
  2764 | D:4      | Reached skill level 6 in Axes
  2924 | D:5      | Entered Level 5 of the Dungeon
  2933 | D:5      | Noticed a two-headed ogre
  2996 | D:4      | Reached skill level 7 in Axes
  3153 | D:5      | Found a hide-covered altar of Uskayaw.
  3297 | D:5      | Reached XP level 9. HP: 38/46 MP: 8/10
  3391 | D:5      | Found a sparkling altar of Nemelex Xobeh.
  3547 | D:5      | Reached skill level 5 in Armour
  3566 | D:5      | Slain by a two-headed ogre

Vault maps used:
D:1:      dpeg_arrival_rhombus, minmay_ruptured
D:2:      minmay_shallow_snake_nest, uniq_natasha, uniq_terence, uniq_sigmund
D:3:      lemuel_zombie_altar_kikubaaqudgha
D:4:      cheibrodos_greedy_goblins, yredelemnul_altar_generic,
          nicolae_qazlal_eye_of_the_storm, minmay_temple_entry_junction_2,
          first_ration, uniq_edmund
D:5:      marbit_many_paths, nemelex_xobeh_ov_fountains_minmay, serial_glass,
          glass_columns_a, glass_columns_c, glass_columns_c, glass_columns_b,
          nemelex_dance_club_becter
Temple:   lightli_temple_of_artemis

Skill      XL: |  1  2  3  4  5  6  7  8  9 |
---------------+----------------------------+-----
Fighting       | 3 4 |  4.5
Axes           | 2 4 5 7 |  7.3
Shields        | 3 4 |  4.6
Armour         | 3 4 5 |  5.0
Dodging        | 1 |  1.9
Stealth        | |  0.8
Evocations     | |  0.3

Action                   |  1- 3 |  4- 6 |  7- 9 || total
-------------------------+-------+-------+-------++-------
Melee: War axe           |    59 |   109 |     6 ||   174
       Bite              |    16 |    39 |    47 ||   102
       Hand axe          |       |       |   141 ||   141
Throw: Tomahawk          |       |       |     2 ||     2
Evoke: Wand              |       |       |     4 ||     4
  Eat: Chunk             |       |     3 |     5 ||     8
Armor: Scale mail        |    23 |    44 |    38 ||   105
Dodge: Dodged            |    20 |    33 |    49 ||   102
Block: Shield            |    25 |    56 |    46 ||   127

Table legend:
 A = Spawn XP
 B = Non-spawn XP
 C = Spawn XP percentage of total XP
 D = Spawn monster count
 E = Non-spawn monster count
 F = Spawn count percentage of total count
 G = Total turns spent on level
                    A         B        C        D         E        F      G
               +---------+---------+-------+---------+---------+-------+---------
         Total |       0 |    2597 |   0.0 |       0 |     131 |   0.0 |  3566
               +---------+---------+-------+---------+---------+-------+---------
           D:1 |       0 |      25 |   0.0 |       0 |      15 |   0.0 |   601
           D:2 |       0 |     404 |   0.0 |       0 |      25 |   0.0 |   719
           D:3 |       0 |     204 |   0.0 |       0 |      31 |   0.0 |   865
           D:4 |       0 |    1506 |   0.0 |       0 |      38 |   0.0 |   735
           D:5 |       0 |     458 |   0.0 |       0 |      22 |   0.0 |   594
               +---------+---------+-------+---------+---------+-------+---------
